SL
HOLLYWOOD SHREDDERS @ MISSISSIPPI MOCKINGBIRDS
09/21/2038
 
TOP OF THE 1ST
Hollywood Shredders batting - Pitching for Mississippi Mockingbirds : RHP Jimmy O'Flahavan
Pitching: RHP Jimmy O'Flahavan
Batting: LHB Chris Payling 0-0: SINGLE (Groundball, 34D, EV 94.4 MPH)
Batting: LHB Scott Kerin 0-0: Grounds into double play, 5-4-3 (Groundball, 56, EV 86.9 MPH)
Batting: RHB Baldomero Avino 0-0: Ball
1-0: Called Strike
1-1: Swinging Strike
1-2: Hit by Pitch
Batting: LHB Kanko Umaba 0-0: Called Strike
0-1: Ball
1-1: Ball
2-1: Ground out 4-3 (Groundball, 4M, EV 79.4 MPH)
Top of the 1st over - 0 runs, 1 hit, 0 errors, 1 left on base; Hollywood 0 - Mississippi 0
BOTTOM OF THE 1ST
Mississippi Mockingbirds batting - Pitching for Hollywood Shredders : LHP Walt Coffman
Pitching: LHP Walt Coffman
Batting: LHB Rylen Roersma 0-0: Ball
1-0: Ball
2-0: Ball
3-0: Called Strike
3-1: Base on Balls
Batting: RHB Cornelio Japón 0-0: Called Strike
0-1: Ball
1-1: Ball
2-1: Fielders Choice at 2nd, 6-4 (Groundball, 6, EV 101.9 MPH)
Batting: RHB Orlando Velásquez 0-0: Ball
1-0: Called Strike
1-1: Foul Ball, location: 2F
1-2: Foul Ball, location: 2F
1-2: Hit by Pitch
Cornelio Japón to second
Batting: RHB Bobby Butterfield 0-0: Grounds into double play, 4-6-3 (Groundball, 4, EV 99.4 MPH)
Bottom of the 1st over - 0 runs, 0 hits, 0 errors, 1 left on base; Hollywood 0 - Mississippi 0
TOP OF THE 2ND
Hollywood Shredders batting - Pitching for Mississippi Mockingbirds : RHP Jimmy O'Flahavan
Batting: LHB Divine Diablo 0-0: Swinging Strike
0-1: DOUBLE (Line Drive, 8RXD, EV 105.6 MPH)
Batting: RHB James Hemwick 0-0: Swinging Strike
0-1: Ground out 1-3 (Groundball, 13, EV 94.4 MPH)
Divine Diablo to third
Batting: SHB Ricky Sellers 0-0: Ball
1-0: Fly out, F7 (Flyball, 7LM, EV 97.5 MPH)
Runner from 3rd tags up, SCORES, throw by LF
Batting: RHB Ramón Degollado 0-0: Called Strike
0-1: Foul Ball, location: 2F
0-2: Strikes out swinging
Top of the 2nd over - 1 run, 1 hit, 0 errors, 0 left on base; Hollywood 1 - Mississippi 0
BOTTOM OF THE 2ND
Mississippi Mockingbirds batting - Pitching for Hollywood Shredders : LHP Walt Coffman
Batting: LHB Javier Sánchez 0-0: Ball
1-0: Foul Ball, location: 2F
1-1: Ball
2-1: SOLO HOME RUN (Flyball, 9D, EV 102.5 MPH), Distance : 358 ft
Batting: RHB José Carlos Pérez 0-0: Swinging Strike
0-1: Ball
1-1: Foul Ball, location: 2F
1-2: Ground out 4-3 (Groundball, 4, EV 106.9 MPH)
Batting: RHB Ellis Greenham 0-0: Called Strike
0-1: Ground out 3-1 (Groundball, 34, EV 106.2 MPH)
Batting: LHB Bob Sanders 0-0: Called Strike
0-1: Foul Ball, location: 2F
0-2: SINGLE (Groundball, 3D, EV 104.4 MPH)
Batting: RHB Brian Rowe 0-0: Ball
Bob Sanders is caught stealing 2nd base 2-4
Bottom of the 2nd over - 1 run, 2 hits, 0 errors, 0 left on base; Hollywood 1 - Mississippi 1
TOP OF THE 3RD
Hollywood Shredders batting - Pitching for Mississippi Mockingbirds : RHP Jimmy O'Flahavan
Batting: SHB Alexei Ponikarov 0-0: Ground out U3 (Groundball, 3L, EV 91.2 MPH)
Batting: LHB Chris Payling 0-0: Ground out U3 (Groundball, 3, EV 83.1 MPH)
Batting: LHB Scott Kerin 0-0: Foul Ball, location: 2F
0-1: Foul Ball, location: 2F
0-2: Ball
1-2: Ground out 4-3 (Groundball, 34D, EV 102.5 MPH)
Top of the 3rd over - 0 runs, 0 hits, 0 errors, 0 left on base; Hollywood 1 - Mississippi 1
BOTTOM OF THE 3RD
Mississippi Mockingbirds batting - Pitching for Hollywood Shredders : LHP Walt Coffman
Batting: RHB Brian Rowe 0-0: Called Strike
0-1: Ball
1-1: SINGLE (Groundball, 4MD, EV 105.6 MPH)
Batting: LHB Rylen Roersma 0-0: Ball
1-0: Called Strike
1-1: SINGLE (Groundball, 4, EV 100.0 MPH) (infield hit)
Brian Rowe to second
Batting: RHB Cornelio Japón 0-0: Fielders Choice at 2nd, 5-4 (Groundball, 56, EV 77.5 MPH)
Brian Rowe to third
Batting: RHB Orlando Velásquez 0-0: Ball
1-0: Ball
2-0: Ball
3-0: Called Strike
3-1: Base on Balls
Cornelio Japón to second
Batting: RHB Bobby Butterfield 0-0: Called Strike
0-1: Fly out, F9 (Flyball, 9, EV 89.4 MPH)
Batting: LHB Javier Sánchez 0-0: Fly out, F8 (Flyball, 8RM, EV 93.1 MPH)
Bottom of the 3rd over - 0 runs, 2 hits, 0 errors, 3 left on base; Hollywood 1 - Mississippi 1
TOP OF THE 4TH
Hollywood Shredders batting - Pitching for Mississippi Mockingbirds : RHP Jimmy O'Flahavan
Batting: RHB Baldomero Avino 0-0: Ball
1-0: Foul Ball, location: 2F
1-1: Foul Ball, location: 2F
1-2: Foul Ball, location: 2F
1-2: Ball
2-2: Ground out U3 (Groundball, 34S, EV 71.2 MPH)
Batting: LHB Kanko Umaba 0-0: Ball
1-0: Ball
2-0: Called Strike
2-1: Fly out, F9 (Flyball, 89D, EV 91.9 MPH)
Batting: LHB Divine Diablo 0-0: Ball
1-0: Ball
2-0: Foul Ball, location: 2F
2-1: SOLO HOME RUN (Flyball, 9D, EV 95.0 MPH), Distance : 400 ft
Batting: RHB James Hemwick 0-0: Called Strike
0-1: SINGLE (Line Drive, 6D, EV 98.8 MPH)
Batting: SHB Ricky Sellers 0-0: Ball
1-0: Called Strike
1-1: Ball
2-1: Swinging Strike
2-2: Fly out, F7 (Flyball, 7, EV 84.4 MPH)
Top of the 4th over - 1 run, 2 hits, 0 errors, 1 left on base; Hollywood 2 - Mississippi 1
BOTTOM OF THE 4TH
Mississippi Mockingbirds batting - Pitching for Hollywood Shredders : LHP Walt Coffman
Batting: RHB José Carlos Pérez 0-0: Called Strike
0-1: Ball
1-1: Ball
2-1: Ball
3-1: Ground out 5-3 (Groundball, 56, EV 100.6 MPH)
Batting: RHB Ellis Greenham 0-0: Ball
1-0: Foul Ball, location: 2F
1-1: Foul Ball, location: 2F
1-2: Foul Ball, location: 2F
1-2: SINGLE (Flyball, 8LS, EV 94.4 MPH)
Batting: LHB Bob Sanders 0-0: Ball
1-0: Ball
2-0: Fielders Choice at 2nd, 4-6 (Groundball, 34, EV 106.9 MPH)
Batting: RHB Brian Rowe 0-0: Ball
Bob Sanders steals 2nd base
1-0: Foul Ball, location: 2F
1-1: Ball
2-1: Ground out 6-3 (Groundball, 56, EV 102.5 MPH)
Bottom of the 4th over - 0 runs, 1 hit, 0 errors, 1 left on base; Hollywood 2 - Mississippi 1
TOP OF THE 5TH
Hollywood Shredders batting - Pitching for Mississippi Mockingbirds : RHP Jimmy O'Flahavan
Batting: RHB Ramón Degollado 0-0: Ball
1-0: Ball
2-0: Ball
3-0: Called Strike
3-1: DOUBLE (Line Drive, 3D, EV 101.2 MPH)
Batting: SHB Alexei Ponikarov 0-0: Called Strike
0-1: Called Strike
0-2: Ball
1-2: Ball
2-2: Foul Ball, location: 2F
2-2: Strikes out swinging
Batting: LHB Chris Payling 0-0: Ball
1-0: Fly out, F8 (Flyball, 8LS, EV 89.4 MPH)
Batting: LHB Scott Kerin 0-0: Foul Ball, location: 2F
0-1: Ball
1-1: Ball
Wild Pitch!
Ramón Degollado to third
2-1: Foul Ball, location: 2F
2-2: Ball
3-2: Foul Ball, location: 2F
3-2: SINGLE (Groundball, 34D, EV 94.4 MPH)
Ramón Degollado scores
Batting: RHB Baldomero Avino 0-0: Ball
1-0: Swinging Strike
1-1: Ball
2-1: Foul Ball, location: 2F
2-2: Ball
3-2: Fly out, F8 (Flyball, 89D, EV 89.4 MPH)
Top of the 5th over - 1 run, 2 hits, 0 errors, 1 left on base; Hollywood 3 - Mississippi 1
BOTTOM OF THE 5TH
Mississippi Mockingbirds batting - Pitching for Hollywood Shredders : LHP Walt Coffman
Batting: LHB Rylen Roersma 0-0: Called Strike
0-1: Ball
1-1: Called Strike
1-2: Ball
2-2: Foul Ball, location: 2F
2-2: Ground out 6-3 (Groundball, 6, EV 85.0 MPH)
Batting: RHB Cornelio Japón 0-0: Fly out, F8 (Flyball, 89XD, EV 103.1 MPH)
Batting: RHB Orlando Velásquez 0-0: Foul Ball, location: 2F
0-1: Foul Ball, location: 2F
0-2: Foul Ball, location: 2F
0-2: Strikes out looking
Bottom of the 5th over - 0 runs, 0 hits, 0 errors, 0 left on base; Hollywood 3 - Mississippi 1
TOP OF THE 6TH
Hollywood Shredders batting - Pitching for Mississippi Mockingbirds : RHP Jimmy O'Flahavan
Batting: LHB Kanko Umaba 0-0: Ball
1-0: Ball
2-0: Called Strike
2-1: Ball
3-1: Base on Balls
Batting: LHB Divine Diablo 0-0: Ball
1-0: Ball
2-0: Called Strike
2-1: Foul Ball, location: 2F
2-2: Ball
3-2: Base on Balls
Kanko Umaba to second
Batting: RHB James Hemwick 0-0: Called Strike
0-1: Ball
1-1: Ball
2-1: Ball
3-1: Fly out, F8 (Flyball, 8RD, EV 101.9 MPH)
Runner from 2nd tags up, SAFE at 3rd with throw by CF
Batting: SHB Ricky Sellers 0-0: Swinging Strike
0-1: Ball
1-1: Ball
2-1: Foul Ball, location: 2F
2-2: Strikes out looking
Batting: RHB Ramón Degollado 0-0: Called Strike
0-1: Called Strike
0-2: Ball
1-2: Foul Ball, location: 2F
1-2: Fielders Choice at 2nd, 6-4 (Groundball, 56, EV 107.5 MPH)
Top of the 6th over - 0 runs, 0 hits, 0 errors, 2 left on base; Hollywood 3 - Mississippi 1
BOTTOM OF THE 6TH
Mississippi Mockingbirds batting - Pitching for Hollywood Shredders : LHP Walt Coffman
Batting: RHB Bobby Butterfield 0-0: Ball
1-0: Fly out, F9 (Flyball, 9S, EV 90.0 MPH)
Batting: LHB Javier Sánchez 0-0: Ball
1-0: Ball
2-0: Fly out, F6 (Popup, 4M, EV 50.6 MPH)
Batting: RHB José Carlos Pérez 0-0: SINGLE (Groundball, 6MD, EV 95.0 MPH)
Batting: RHB Ellis Greenham 0-0: Called Strike
0-1: Foul Ball, location: 2F
0-2: Ball
1-2: Foul Ball, location: 2F
1-2: Ball
2-2: Fly out, F8 (Flyball, 8RS, EV 73.1 MPH)
Bottom of the 6th over - 0 runs, 1 hit, 0 errors, 1 left on base; Hollywood 3 - Mississippi 1
TOP OF THE 7TH
Hollywood Shredders batting - Pitching for Mississippi Mockingbirds : RHP Jimmy O'Flahavan
Batting: SHB Alexei Ponikarov 0-0: Called Strike
0-1: Ball
1-1: Ball
2-1: Foul Ball, location: 2F
2-2: Foul Ball, location: 2F
2-2: Ground out 4-3 (Groundball, 4, EV 79.4 MPH)
Pitching: RHP Raúl Flores
Batting: LHB Chris Payling 0-0: Ball
1-0: Called Strike
1-1: Fly out, F8 (Flyball, 8RM, EV 87.5 MPH)
Batting: LHB Scott Kerin 0-0: Called Strike
0-1: Foul Ball, location: 2F
0-2: SINGLE (Groundball, 34D, EV 101.2 MPH)
Batting: RHB Baldomero Avino 0-0: Foul Ball, location: 2F
0-1: Foul Ball, location: 2F
0-2: Ball
1-2: Hit by Pitch
Scott Kerin to second
Pinch Runner at 1st Guillermo Coss:
Batting: LHB Kanko Umaba 0-0: Ball
1-0: Foul Ball, location: 2F
1-1: Foul Ball, location: 2F
1-2: DOUBLE (Line Drive, 9LM, EV 93.8 MPH)
Scott Kerin scores
Guillermo Coss to third
Runner from 3rd tries for Home, SAFE, throw by RF to trailing runner, SAFE at third!
Batting: LHB Divine Diablo 0-0: Ball
1-0: Fly out, F5 (Popup, P, EV 81.2 MPH)
Top of the 7th over - 2 runs, 2 hits, 0 errors, 1 left on base; Hollywood 5 - Mississippi 1
BOTTOM OF THE 7TH
Mississippi Mockingbirds batting - Pitching for Hollywood Shredders : LHP Walt Coffman
Now at 1B: Guillermo Coss
Batting: LHB Bob Sanders 0-0: Ball
1-0: Called Strike
1-1: Ball
2-1: SINGLE (Groundball, 34D, EV 107.5 MPH)
Batting: RHB Brian Rowe 0-0: Called Strike
0-1: Ball
1-1: Ball
2-1: Called Strike
2-2: Ball
3-2: Base on Balls
Bob Sanders to second
Batting: LHB Rylen Roersma 0-0: Called Strike
0-1: Ball
1-1: Ball
2-1: Ball
3-1: Called Strike
3-2: SINGLE (Line Drive, 5D, EV 94.4 MPH)
Bob Sanders to third
Brian Rowe to second
Runner from 3rd tries for Home, SAFE, throw by LF to home
Pitching: RHP WyDale Curry
Batting: RHB Cornelio Japón 0-0: Ball
1-0: Ball
2-0: Fielders Choice at 2nd, 6-4 (Groundball, 6, EV 76.2 MPH)
Brian Rowe to third
Batting: RHB Orlando Velásquez 0-0: Swinging Strike
0-1: Called Strike
0-2: Ball
1-2: Foul Ball, location: 2F
1-2: Strikes out swinging
Batting: RHB Bobby Butterfield 0-0: Ball
1-0: Swinging Strike
1-1: Called Strike
1-2: Strikes out swinging
Bottom of the 7th over - 1 run, 2 hits, 0 errors, 2 left on base; Hollywood 5 - Mississippi 2
TOP OF THE 8TH
Hollywood Shredders batting - Pitching for Mississippi Mockingbirds : RHP Raúl Flores
Batting: RHB James Hemwick 0-0: Foul Ball, location: 2F
0-1: Ball
1-1: Ground out 5-3 (Groundball, 56S, EV 86.2 MPH)
Batting: SHB Ricky Sellers 0-0: Called Strike
0-1: Fly out, F7 (Flyball, 78S, EV 87.5 MPH)
Batting: RHB Ramón Degollado 0-0: Ball
1-0: Ball
2-0: Ball
3-0: Called Strike
3-1: Base on Balls
Batting: SHB Alexei Ponikarov 0-0: Ball
Ramón Degollado steals 2nd base
1-0: Ball
2-0: Called Strike
2-1: Ball
3-1: Base on Balls
Batting: LHB Chris Payling 0-0: Hit by Pitch
Ramón Degollado to third
Alexei Ponikarov to second
Batting: LHB Scott Kerin 0-0: Foul Ball, location: 2F
0-1: Ball
1-1: Foul Ball, location: 2F
1-2: Ball
2-2: Ball
3-2: Base on Balls
Ramón Degollado scores
Alexei Ponikarov to third
Chris Payling to second
Pitching: RHP Morton Steele
Batting: RHB Guillermo Coss 0-0: Ground out 1-3 (Groundball, 23, EV 66.2 MPH)
Top of the 8th over - 1 run, 0 hits, 0 errors, 3 left on base; Hollywood 6 - Mississippi 2
BOTTOM OF THE 8TH
Mississippi Mockingbirds batting - Pitching for Hollywood Shredders : RHP WyDale Curry
Batting: LHB Javier Sánchez 0-0: Called Strike
0-1: Ball
1-1: Called Strike
1-2: Strikes out looking
Batting: RHB José Carlos Pérez 0-0: Foul Ball, location: 2F
0-1: Ball
1-1: Foul Ball, location: 2F
1-2: Ball
2-2: Strikes out swinging
Batting: RHB Ellis Greenham 0-0: Called Strike
0-1: Ball
1-1: Ground out 5-3 (Groundball, 5, EV 107.5 MPH)
Bottom of the 8th over - 0 runs, 0 hits, 0 errors, 0 left on base; Hollywood 6 - Mississippi 2
TOP OF THE 9TH
Hollywood Shredders batting - Pitching for Mississippi Mockingbirds : RHP Morton Steele
Batting: LHB Kanko Umaba 0-0: Fly out, F7 (Flyball, 7, EV 73.1 MPH)
Batting: LHB Divine Diablo 0-0: Ball
1-0: Called Strike
1-1: Ball
2-1: Called Strike
2-2: Foul Ball, location: 2F
2-2: Ground out 4-3 (Groundball, 4D, EV 97.5 MPH)
Batting: RHB James Hemwick 0-0: Called Strike
0-1: Called Strike
0-2: Ball
1-2: Ground out 5-3 (Groundball, 5L, EV 82.5 MPH)
Top of the 9th over - 0 runs, 0 hits, 0 errors, 0 left on base; Hollywood 6 - Mississippi 2
BOTTOM OF THE 9TH
Mississippi Mockingbirds batting - Pitching for Hollywood Shredders : RHP WyDale Curry
Batting: LHB Bob Sanders 0-0: Ball
1-0: Called Strike
1-1: Foul Ball, location: 2F
1-2: SINGLE (Groundball, 34D, EV 96.2 MPH)
Pitching: RHP Mark Valle
Batting: RHB Brian Rowe 0-0: Grounds into double play, 4-6-3 (Groundball, 4, EV 84.4 MPH)
Batting: LHB Rylen Roersma 0-0: Ball
1-0: Ground out 5-3 (Groundball, 56S, EV 87.5 MPH)
Bottom of the 9th over - 0 runs, 1 hit, 0 errors, 0 left on base; Hollywood 6 - Mississippi 2
Friday, April 17th, 2020 - OOTP Baseball 20.8 Build 74